 Dungeon Crawl Stone Soup version 0.32-a0-411-g744942f433 (webtiles) character file.

Game seed: 15011499438777379826

312 pokeman the Magician (level 6, -2/34 HPs)
             Began as a Deep Elf Hedge Wizard on Feb 20, 2024.
             Slain by Grinder (8 damage)
             ... while paralysed by Grinder
             ... on level 3 of the Dungeon.
             The game lasted 00:05:27 (3278 turns).

pokeman the Magician (Deep Elf Hedge Wizard)        Turns: 3278, Time: 00:05:28

Health: -2/34      AC:  2    Str:  7    XL:     6   Next: 18%
Magic:  6/17       EV:  2    Int: 21    God:
Gold:   135        SH:  0    Dex: 14    Spells: 10/18 levels left

rFire   . . .        o - +2 dagger (vamp)
rCold   . . .        (no shield)
rNeg    . . .        b - +0 robe
rPois   .            c - +0 hat
rElec   .            (no cloak)
rCorr   .            (no gloves)
SInv    .            (no boots)
Will    .....        (no amulet)
Stlth   ++           (no ring)
HPRegen 0.25/turn    (no ring)
MPRegen 0.15/turn

%: no passive effects
@: paralysed, very slightly contaminated
A: no striking features
a: no special abilities


You were on level 3 of the Dungeon.
You visited 1 branch of the dungeon, and saw 3 of its levels.

You collected 135 gold pieces.

Inventory:

Hand Weapons
 o - a +2 vampiric dagger (weapon)
Missiles
 r - 2 throwing nets
Armour
 b - a +0 robe (worn)
 c - a +0 hat (worn)
 q - the +4 ring mail of Wu Jian's Inspiration {Harm Fly rPois rN+}
   (You found it on level 3 of the Dungeon)

   rPois:     It protects you from poison rN+: It protects you from negative
   energy.
   Fly:       It grants you flight.
   Harm:      It increases damage dealt and taken.
 s - an orb of energy
Wands
 a - a wand of mindburst (18)
Scrolls
 e - a scroll of fog {unknown}
 h - a scroll of silence {unknown}
 k - a scroll of brand weapon {unknown}
 l - a scroll of enchant weapon {unknown}
 n - 3 scrolls of teleportation {unknown}
 p - a scroll of identify {unknown}
 t - a scroll of immolation {unknown}
 u - a scroll of vulnerability {unknown}
Potions
 d - 2 potions of magic
 f - 3 potions of heal wounds {unknown}
 g - a potion of lignification {unknown}
 i - a potion of ambrosia {unknown}
 j - a potion of cancellation {unknown}
 m - a potion of curing {unknown}


   Skills:
 + Level 1.2 Fighting
 - Level 1.0 Armour
 - Level 3.0 Dodging
 - Level 3.1 Stealth
 * Level 6.8 Spellcasting
 + Level 3.1 Conjurations
 - Level 1.1 Summonings
 - Level 1.1 Translocations
 - Level 1.1 Air Magic
 - Level 1.0 Alchemy
 - Level 1.0 Evocations


You had 10 spell levels left.
You knew the following spells:

 Your Spells              Type           Power      Damage    Failure   Level
a - Magic Dart            Conj           80%        1d7       2%          1
b - Mephitic Cloud        Conj/Alch/Air  14%        N/A       13%         3
c - Call Imp              Summ           22%        N/A       9%          2
d - Blink                 Tloc           22%        N/A       9%          2

Your spell library contained the following spells:

 Spells                   Type           Power      Damage    Failure   Level
 Slow                     Hex            28%        N/A       9%          1
 Cigotuvi's Dreadful Rot  Necr/Alch/Air  20%        N/A       10%         2


Dungeon Overview and Level Annotations

Branches:
Dungeon (3/15)

Altars:

Annotations:
D:3 Grinder


Message History

Aim: Grinder (heavily wounded, ally target, 100% to hit)
You miscast Magic Dart.
You are very lightly contaminated with residual magic.
Nothing appears to happen.
Your cerulean imp barely misses Grinder.
Casting: Magic Dart (safe; 2% risk of failure)
Confirm with . or Enter, or press ? or * to list all spells.
Aiming: Magic Dart (safe; 2% risk of failure)
Press: ? - help, Shift-Dir - straight line, f/p - Grinder
Aim: Grinder (heavily wounded, ally target, 100% to hit)
The magic dart hits Grinder.
Grinder is heavily wounded.
Your cerulean imp hits Grinder from afar with a -3 spear.
Unknown command.
You hit Grinder.
Grinder is severely wounded.
Grinder hits you.
You writhe in agony.
* * * LOW HITPOINT WARNING * * *
Your cerulean imp hits Grinder but does no damage.
Unknown command.
You closely miss Grinder.
Grinder is severely wounded.
Grinder gestures at you.
You struggle to resist.
Your cerulean imp hits Grinder but does no damage.
Unknown command.
You hit Grinder.
Grinder is severely wounded.
Grinder gestures at you.
You struggle to resist.
Your cerulean imp hits Grinder from afar with a -3 spear.
Unknown command.
You barely miss Grinder.
Grinder is severely wounded.
Grinder gestures at you.
You suddenly lose the ability to move!
Your cerulean imp closely misses Grinder.
Grinder hits you!
You die...
Grinder says, "Hey, I wasn't done torturing you yet!"

...# #<# ..##
###.##### ..##
#.......# ...#
#.......#
...#######.......#
##...............#
.#########....5..#
..## #......5#
...## #......@#
....# #.......#
....# #.......#
....# #########
....# <...# ...##
....# ....#


You could see Grinder (ally target) and a friendly cerulean imp (summoned).

Vanquished Creatures
  A scorpion (D:3)
  An orc priest (D:3)
  Jessica (D:2)
  9 gnolls
  2 adders (D:2)
  2 dart slugs (D:2)
  2 ribbon worms (D:2)
  2 orcs (D:3)
  2 ball pythons (D:2)
  4 bats
  5 endoplasms
  5 goblins
  3 hobgoblins
  2 jackals (D:2)
  A quokka (D:2)
  2 frilled lizards (D:3)
  3 kobolds
  6 rats
53 creatures vanquished.

Notes
Turn   | Place    | Note
-------+----------+-------------------------------------------
     0 | D:1      | pokeman the Deep Elf Hedge Wizard began the quest for the
                  | Orb.
     0 | D:1      | Reached XP level 1. HP: 10/10 MP: 7/7
   354 | D:1      | Reached XP level 2. HP: 10/16 MP: 2/9
   650 | D:1      | Found a faded altar of an unknown god.
  1274 | D:2      | Reached skill level 5 in Spellcasting
  1323 | D:2      | Reached XP level 3. HP: 15/20 MP: 4/11
  1327 | D:2      | Learned a level 3 spell: Mephitic Cloud
  1330 | D:2      | Learned a level 2 spell: Call Imp
  1333 | D:2      | Learned a level 2 spell: Blink
  1542 | D:2      | Reached skill level 1 in Fighting
  1542 | D:2      | Reached skill level 1 in Armour
  1667 | D:2      | Reached XP level 4. HP: 21/25 MP: 0/13
  2098 | D:2      | Noticed Jessica
  2125 | D:2      | Killed Jessica
  2126 | D:2      | Reached skill level 6 in Spellcasting
  2126 | D:2      | Reached XP level 5. HP: 29/29 MP: 0/15
  2610 | D:3      | Noticed Grinder
  2665 | D:3      | Identified the +4 ring mail of Wu Jian's Inspiration {Harm
                  | Fly rPois rN+}
  2756 | D:3      | Reached skill level 1 in Air Magic
  2756 | D:3      | Reached skill level 1 in Alchemy
  2756 | D:3      | Reached skill level 1 in Evocations
  2840 | D:3      | Reached XP level 6. HP: 34/34 MP: 2/17
  3259 | D:3      | Paralysed by Grinder for 4 turns
  3277 | D:3      | Paralysed by Grinder for 3 turns
  3278 | D:3      | Slain by Grinder

Illustrated notes

Levels and vault maps discovered:
D:1:      matt_arrival_refuge, layout_basic,
          shapermc_ecumenical_altar_notcrosses
D:2:      layout_basic, uniq_jessica
D:3:      layout_rooms, serial_bayou, serial_bayou_lagoon_b,
          serial_bayou_crossing, serial_bayou_pond_c, serial_bayou_lagoon_a,
          serial_shops, nicolae_shop_tiny_real_fake_doors, uniq_grinder

Skill      XL: |  1  2  3  4  5 |
---------------+----------------+-----
Spellcasting   | 5 6 |  6.8
Fighting       | 1 |  1.2
Armour         | 1 |  1.0
Conjurations   | 2 3 |  3.1
Dodging        | 3 |  3.0
Stealth        | 3 |  3.1
Air Magic      | 1 |  1.1
Alchemy        | 1 |  1.0
Evocations     | 1 |  1.0
Summonings     | |  1.1
Translocations | |  1.1

Action                     |  1- 3 |  4- 6 || total
---------------------------+-------+-------++-------
  Melee: Dagger            |    12 |    46 ||    58
   Cast: Magic Dart        |    75 |    74 ||   149
         Mephitic Cloud    |       |     7 ||     7
         Call Imp          |       |     1 ||     1
   Stab: Confused          |       |     4 ||     4
 Armour: Robe              |    16 |    14 ||    30
  Dodge: Dodged            |    18 |    24 ||    42

Table legend: (Time is in decaauts)
 A = Elapsed time spent in this place.
 B = Non-inter-level travel time spent in this place.
 C = Inter-level travel time spent in this place.
 D = Time resting spent in this place.
 E = Time spent auto-exploring this place.
 F = Levels seen in this place.
 G = Mean time per level.
                   A        B        C        D        E       F      G
               +--------+--------+--------+--------+--------+-----+--------+
         Total |   3284 |   3088 |    196 |      3 |   2656 |   3 | 1094.7 |
       Dungeon |   3284 |   3088 |    196 |      3 |   2656 |   3 | 1094.7 |
               +--------+--------+--------+--------+--------+-----+--------+

Top non-repeatable levels by time:
     D:2: 1430 daAuts
     D:1: 1214 daAuts
     D:3: 640 daAuts
